 Dungeon Sprint DCSS version 0.19.1 (webtiles) character file.

1259 dvd the Cleaver (level 8, -2/80 HPs)
             Began as a Minotaur Fighter on Dec 23, 2016.
             Was a Follower of Trog.
             Slain by Sonja
             ... wielding a +2 short sword of draining
              (3 damage)
             ... in the Dungeon (Sprint I: "Red Sonja").
             The game lasted 00:04:27 (1051 turns).

dvd the Cleaver (Minotaur Fighter)                  Turns: 1051, Time: 00:04:28

Health: -2/80      AC:  6    Str: 21    XL:     8   Next: 27%
Magic:  7/7        EV:  6    Int:  5    God:    Trog [*.....]
Gold:   432        SH:  7    Dex: 12    Spells: 0 memorised, 7 levels left

rFire  . . .     SeeInvis .     a - +0 war axe
rCold  . . .     Gourm    .     b - +0 scale mail
rNeg   . . .     Faith    .     c - +0 shield
rPois  .         Spirit   .     (helmet restricted)
rElec  .         Reflect  .     (no cloak)
rCorr  .         Harm     .     (no gloves)
MR     .....     NoTele   +     (no boots)
Stlth  ..........               (no amulet)
                                (no ring)
                                (no ring)

@: exhausted, slowed, very heavily drained, very slow
A: retaliatory headbutt, horns 2
a: Berserk, Burn Spellbooks, Renounce Religion


You were in the Dungeon.
You worshipped Trog.
Trog was aware of your devotion.
You were near starving.

You visited 1 branch You collected 432 gold pieces.

Inventory:

Hand Weapons
 a - a +0 war axe (weapon)
Armour
 b - a +0 scale mail (worn)
 c - a +0 shield (worn)
Wands
 j - a wand of flame (25/48)
Scrolls
 k - a scroll of blinking
Potions
 h - a potion of haste
 i - 2 potions of magic
 l - a potion of beneficial mutation {unknown}
Comestibles
 f - a bread ration


   Skills:
 + Level 10.4(0.0) Fighting
 + Level 12.2(0.9) Axes
 + Level 10.8(0.0) Armour
 + Level 3.6(0.0) Dodging
 + Level 0.5(0.0) Stealth
 + Level 11.0(0.0) Shields


You had 7 spell levels left.
You didn't know any spells.

Dungeon Overview and Level Annotations

Branches:
Dungeon (1/1)

Altars:
Cheibriados
Dithmenos
Elyvilon
Fedhas
Gozag
Hepliaklqana
Kikubaaqudgha
Makhleb
Nemelex Xobeh
Okawaru
Qazlal
Ru
Sif Muna
Trog
Uskayaw
Vehumet
Xom
Yredelemnul
Zin
The Shining One
Jiyva
Lugonu

Shops:
D =

Annotations:
D Sonja


Innate Abilities, Weirdness & Mutations

You reflexively headbutt those who attack you in melee.
You have a pair of horns on your head.


Message History

You miss Sonja.
Sonja is moderately wounded.
Sonja hits you with an uncursed short sword of draining.
* * * LOW HITPOINT WARNING * * *
You feel drained.
Sonja hits you with an uncursed short sword of draining.
* * * LOW HITPOINT WARNING * * *
You feel drained.
* * * LOW HITPOINT WARNING * * *
Sonja hits you with an uncursed short sword of draining.
* * * LOW HITPOINT WARNING * * *
You feel drained. Sonja hits you but does no damage.
You feel drained.
Sonja hits you with an uncursed short sword of draining.
* * * LOW HITPOINT WARNING * * *
You feel drained. You block Sonja's attack.
Sonja hits you with an uncursed short sword of draining.
* * * LOW HITPOINT WARNING * * *
You feel drained.
Sonja hits you with an uncursed short sword of draining.
You die...

#..'..#..').#..'..'[.#...#
#..#####'#####'#__####...+
#..####..#...#[#### ####
#..#__####..##)#
#..#_____##'#..+
#⌠⌠#_.∩...'..._#
####_..__##_(#'#
#_____###K#(#
#########@### +..$+ #$.$#
##.## #+#


You could see Sonja.

Vanquished Creatures
  2 kobold demonologists (D)
  A slime creature (D)
  Sigmund (D)
  A yak (D)
  A floating eye (D)
  An ogre (D)
  A jelly (D)
  Ijyb (D)
9 creatures vanquished.

Vanquished Creatures (others)
  A gargoyle (D)
1 creature vanquished.

Grand Total: 10 creatures vanquished

Notes
Turn   | Place    | Note
-------+----------+-------------------------------------------
     0 | D        | dvd the Minotaur Fighter began the quest for the Orb.
     0 | D        | Reached XP level 1. HP: 19/19 MP: 0/0
     1 | D        | Noticed Ijyb
    15 | D        | Killed Ijyb
    15 | D        | Reached skill level 5 in Fighting
    15 | D        | Reached skill level 3 in Axes
    15 | D        | Reached skill level 5 in Armour
    15 | D        | Reached skill level 5 in Shields
    15 | D        | Reached XP level 2. HP: 29/29 MP: 1/1
    21 | D        | Noticed an ogre
    28 | D        | Killed an ogre
    28 | D        | Reached skill level 5 in Axes
    28 | D        | Reached XP level 3. HP: 31/38 MP: 2/2
    28 | D        | Reached XP level 4. HP: 37/45 MP: 3/3
   153 | D        | Noticed Sigmund
   167 | D        | Killed Sigmund
   167 | D        | Reached skill level 6 in Axes
   167 | D        | Reached XP level 5. HP: 30/56 MP: 4/4
   167 | D        | Reached XP level 6. HP: 34/62 MP: 5/5
   319 | D        | Found a deep blue altar of Sif Muna.
   321 | D        | Found a radiant altar of Vehumet.
   323 | D        | Reached skill level 7 in Axes
   342 | D        | Found Noesoruu's Jewellery Emporium.
   342 | D        | Found an ancient bone altar of Kikubaaqudgha.
   342 | D        | Found a hazy altar of Hepliaklqana.
   342 | D        | Found a stormy altar of Qazlal.
   342 | D        | Found a hide-covered altar of Uskayaw.
   342 | D        | Found a blossoming altar of Fedhas.
   342 | D        | Found a bloodstained altar of Trog.
   342 | D        | Found an iron altar of Okawaru.
   342 | D        | Found a basalt altar of Yredelemnul.
   342 | D        | Found a glowing golden altar of the Shining One.
   342 | D        | Found a snail-covered altar of Cheibriados.
   342 | D        | Found a sacrificial altar of Ru.
   342 | D        | Found a glowing silver altar of Zin.
   342 | D        | Found a shadowy altar of Dithmenos.
   342 | D        | Found a white marble altar of Elyvilon.
   342 | D        | Noticed a yak
   355 | D        | Killed a yak
   355 | D        | Reached skill level 8 in Axes
   355 | D        | Reached skill level 1 in Dodging
   356 | D        | Found an opulent altar of Gozag.
   357 | D        | Found a sparkling altar of Nemelex Xobeh.
   363 | D        | Became a worshipper of Trog the Wrathful
   513 | D        | Found a viscous altar of Jiyva.
   513 | D        | Found a corrupted altar of Lugonu.
   513 | D        | Noticed a slime creature
   514 | D        | Found a burning altar of Makhleb.
   514 | D        | Found a shimmering altar of Xom.
   522 | D        | Killed a slime creature
   522 | D        | Reached skill level 9 in Axes
   522 | D        | Reached skill level 10 in Armour
   522 | D        | Reached skill level 10 in Shields
   522 | D        | Reached XP level 7. HP: 36/71 MP: 6/6
   652 | D        | Killed a gargoyle
   732 | D        | Noticed a kobold demonologist
   734 | D        | Noticed a kobold demonologist
   741 | D        | Paralysed by a floating eye for 2 turns
   743 | D        | Noticed a ynoxinul
   744 | D        | Noticed a hellwing
   748 | D        | Killed a kobold demonologist
   748 | D        | Reached * piety under Trog
   748 | D        | Reached skill level 10 in Fighting
   748 | D        | Reached skill level 10 in Axes
   749 | D        | Killed a kobold demonologist
   749 | D        | Reached skill level 11 in Axes
   749 | D        | Reached XP level 8. HP: 21/80 MP: 7/7
   750 | D        | Reached ** piety under Trog
   750 | D        | Reached skill level 12 in Axes
  1021 | D        | Noticed Sonja
  1046 | D        | HP: 1/80 [Sonja/uncursed short sword of draining (4)]
  1051 | D        | HP: 4/80 [Sonja/uncursed short sword of draining (1)]
  1051 | D        | HP: 1/80 [Sonja/uncursed short sword of draining (3)]
  1051 | D        | Slain by Sonja

Skill      XL: |  1  2  3  4  5  6  7  8 |
---------------+-------------------------+-----
Fighting       | 5 6 8 9 10 | 10.4
Axes           | 3 5 6 9 11 12 | 12.2
Armour         | 5 6 8 10 | 10.8
Shields        | 5 6 8 10 11 | 11.0
Dodging        | 2 3 |  3.6
Stealth        | |  0.5

Action                   |  1- 3 |  4- 6 |  7- 9 || total
-------------------------+-------+-------+-------++-------
Melee: War axe           |    18 |    31 |    23 ||    72
       Headbutt          |     5 |     8 |     2 ||    15
Invok: Berserk           |       |       |     1 ||     1
       Trog's Hand       |       |       |     1 ||     1
Evoke: Wand              |       |       |     1 ||     1
  Use: Potion            |     1 |       |     3 ||     4
Armor: Scale mail        |     6 |     2 |    20 ||    28
Dodge: Dodged            |     5 |     6 |    13 ||    24
Block: Shield            |     9 |    15 |    37 ||    61
